 Dungeon Crawl Stone Soup version 0.30.1-9-gdf580d7c3d (webtiles) character file.

Game seed: 15919687501675494230

37 safid the Chiller (level 3, -1/27 HPs)
             Began as a Merfolk Ice Elementalist on Oct 12, 2023.
             Slain by a kobold
             ... wielding a +0 spear
              (5 damage)
             ... on level 2 of the Dungeon.
             The game lasted 00:01:45 (1314 turns).

safid the Chiller (Merfolk Ice Elementalist)        Turns: 1314, Time: 00:01:45

Health: -1/27      AC:  2    Str:  8    XL:     3   Next: 41%
Magic:  4/6        EV: 12    Int: 16    God:
Gold:   87         SH:  0    Dex: 14    Spells: 3/7 levels left

rFire   . . .        g - +0 spear
rCold   . . .        (no shield)
rNeg    . . .        a - +0 robe
rPois   .            (no helmet)
rElec   .            (no cloak)
rCorr   .            (no gloves)
SInv    .            (no boots)
Will    .....        (no amulet)
Stlth   ++           (no ring)
HPRegen 0.24/turn    (no ring)
MPRegen 0.10/turn

%: no passive effects
@: no status effects
A: (nimble swimmer 2), mertail
a: no special abilities


You were on level 2 of the Dungeon.
You visited 1 branch of the dungeon, and saw 2 of its levels.

You collected 87 gold pieces.

Inventory:

Hand Weapons
 g - a +0 spear (weapon)
Armour
 a - a +0 robe (worn)
Scrolls
 d - 2 scrolls of identify {unknown}
 e - 2 scrolls of vulnerability {unknown}
 i - a scroll of amnesia {unknown}
Potions
 b - 3 potions of magic
 c - a potion of heal wounds {unknown}
 f - 3 potions of curing {unknown}
 h - a potion of brilliance {unknown}


   Skills:
 + Level 1.6 Fighting
 - Level 2.6 Dodging
 - Level 2.1 Stealth
 + Level 2.5 Spellcasting
 + Level 4.8 Ice Magic


You had 3 spell levels left.
You knew the following spells:

 Your Spells              Type           Power      Damage    Failure   Level
a - Freeze                Ice            68%        1d8       2%          1
b - Frozen Ramparts       Ice            34%        1d6       9%          3

Your spell library contained the following spells:

 Spells                   Type           Power      Damage    Failure   Level
 Ozocubu's Armour         Ice            17%        N/A       9%          3
 Summon Ice Beast         Ice/Summ       9%         N/A       58%         4


Dungeon Overview and Level Annotations

Branches:
Dungeon (2/15)

Altars:


Innate Abilities, Weirdness & Mutations

((You are very nimble when in or above water. (Stealth+, EV+, Speed+++)))
Your lower body shifts to a powerful aquatic tail in water.


Message History

The kobold is severely wounded.
The kobold throws a stone.
The stone hits you.
You reach to attack!
You closely miss the kobold.
The kobold is severely wounded.
The kobold hits you from afar with a +0 spear.
You hit the endoplasm but do no damage.
The kobold hits you from afar with a +0 spear.
The endoplasm freezes you.
You are frozen.
You are too injured to fight recklessly!
You are too injured to fight recklessly!
You are too injured to fight recklessly!
You are too injured to fight recklessly!
You are too injured to fight recklessly!
You are too injured to fight recklessly!
You are too injured to fight recklessly!
You are too injured to fight recklessly!
You are too injured to fight recklessly!
Casting: Freeze (safe; 2% risk of failure)
Confirm with . or Enter, or press ? or * to list all spells.
Aiming: Freeze (safe; 2% risk of failure)
Press: ? - help, Shift-Dir - straight line, f - endoplasm, p - kobold
Aim: an endoplasm You freeze the endoplasm.
The endoplasm is almost dead.
The kobold misses you. The endoplasm freezes you.
You are frozen.
The endoplasm freezes you.
You are frozen.
* * * LOW HITPOINT WARNING * * *
Casting: Freeze (safe; 2% risk of failure)
Confirm with . or Enter, or press ? or * to list all spells.
Aiming: Freeze (safe; 2% risk of failure)
Press: ? - help, Shift-Dir - straight line, f/p - endoplasm
Aim: an endoplasm (almost dead)
You freeze the endoplasm!
You kill the endoplasm!
The kobold hits you from afar with a +0 spear.
You die...

###########..#....##.##..###...#.
#..#........#......###.
##..........##†..### .
#.......#...#.### ##...##...#####
#..#...###.# ##...###...#
#.###K..... #.#@..# #...J.#
##.......# #......... ##........
#.......# ##..##..) ..# ..# #..


You could see an endoplasm and a kobold.

Vanquished Creatures
  An adder (D:2)
  2 dart slugs (D:1)
  5 endoplasms
  2 giant cockroaches (D:1)
  A goblin (D:1)
  2 hobgoblins (D:1)
  3 kobolds (D:1)
  A quokka (D:1)
  2 ball pythons (D:1)
  A bat (D:1)
  A frilled lizard (D:2)
  4 rats
25 creatures vanquished.

Notes
Turn   | Place    | Note
-------+----------+-------------------------------------------
     0 | D:1      | safid the Merfolk Ice Elementalist began the quest for the
                  | Orb.
     0 | D:1      | Reached XP level 1. HP: 13/13 MP: 3/3
   164 | D:1      | Reached XP level 2. HP: 14/20 MP: 1/5
   243 | D:1      | Reached skill level 1 in Fighting
   676 | D:1      | Reached XP level 3. HP: 26/26 MP: 0/6
   680 | D:1      | Learned a level 3 spell: Frozen Ramparts
  1314 | D:2      | Slain by a kobold

Illustrated notes

Levels and vault maps discovered:
D:1:      lightli_iron_boxes, layout_basic, minmay_misc_feat_four_crosses,
          kennysheep_pointless_box
D:2:      minmay_skewed_foursquare, layout_loops_corners

Skill      XL: |  1  2 |
---------------+-------+-----
Fighting       | 1 |  1.6
Dodging        | |  2.6
Stealth        | |  2.1
Spellcasting   | |  2.5
Ice Magic      | |  4.8

Action                     || total
---------------------------++-------
  Melee: Club              ||     9
         Unarmed           ||     1
         Spear             ||    43
         Punch             ||     1
   Cast: Freeze            ||    23
   Stab: Sleeping          ||     6
 Armour: Robe              ||     9
  Dodge: Dodged            ||    39
